 Dungeon Crawl Stone Soup version 0.20.1-1-g8b1a95d (webtiles) character file.

244 Reeggar the Skirmisher (level 5, -2/42 HPs)
             Began as a Demonspawn Monk on Sept 27, 2017.
             Slain by a gnoll
             ... wielding a +0 whip
              (5 damage)
             ... on level 2 of the Dungeon.
             The game lasted 00:09:04 (2158 turns).

Reeggar the Skirmisher (Demonspawn Monk)            Turns: 2158, Time: 00:09:05

Health: -2/42      AC:  4    Str: 13    XL:     5   Next: 83%
Magic:  0/5        EV: 14    Int: 11    God:
Gold:   79         SH:  0    Dex: 15    Spells: 4/4 levels left

rFire    . . .     SeeInvis .   a - +0 falchion
rCold    . . .     Gourm    .   (no shield)
rNeg     . . .     Faith    .   b - +0 robe
rPois    .         Spirit   +   (no helmet)
rElec    .         Reflect  .   (no cloak)
rCorr    .         Harm     .   (no gloves)
MR       .....                  (no boots)
Stlth    ++........             (no amulet)
Regen    0.2/turn               (no ring)
MPRegen  0.1/turn               (no ring)

@: no status effects
A: yellow scales 1, magic shield
a: no special abilities


You were on level 2 of the Dungeon.
You were very hungry.

You visited 1 branch of the dungeon, and saw 2 of its levels.

You collected 79 gold pieces.

Inventory:

Hand Weapons
 a - a +0 falchion (weapon)
 f - a +0 scythe
Armour
 b - a +0 robe (worn)
 p - a +0 helmet
Scrolls
 d - a scroll of teleportation
 i - a scroll of recharging
 k - a scroll of amnesia {unknown}
 o - a scroll of random uselessness {unknown}
Potions
 e - 2 potions of degeneration {unknown}
 g - a potion of heal wounds {unknown}
 j - a potion of flight {unknown}
 l - a potion of resistance {unknown}
 q - a potion of curing {unknown}
Comestibles
 c - a bread ration
 h - a fruit
 m - a royal jelly
 n - 11 chunks of flesh
 r - a meat ration


   Skills:
 + Level 4.2 Fighting
 + Level 4.2 Long Blades
 + Level 3.7 Dodging
 + Level 2.5 Stealth


You had 4 spell levels left.
You didn't know any spells.

Dungeon Overview and Level Annotations

Branches:
Dungeon (2/15)

Altars:


Innate Abilities, Weirdness & Mutations

You are partially covered in yellow scales. (AC +2)
When hurt, damage is shared between your health and your magic reserves.


Message History

You are feeling very hungry.
The frilled lizard barely misses you.
You riposte.
You closely miss the frilled lizard. You hit the frilled lizard.
You kill the frilled lizard!
r - a meat ration You now have 79 gold pieces (gained 17).
A gnoll comes into view. It is wielding a whip.
A gnoll comes into view. It is wielding a halberd.
The gnoll shouts! x2; You hear a shout!
The gnoll hits you from afar with a halberd!!
* * * LOW HITPOINT WARNING * * *
You closely miss the gnoll. The gnoll closely misses you. x2
You hit the gnoll but do no damage. The gnoll closely misses you.
You riposte.
You barely miss the gnoll. The gnoll completely misses you.
You hit the gnoll but do no damage. The gnoll closely misses you.
The gnoll hits you from afar with a halberd!
* * * LOW HITPOINT WARNING * * *
The gnoll hits you with a whip.
You die...

## . # # .# # .#
#.#####.###. ##.##
# #gg@........
#...# #
#.####..######
#..# #.##.####..#
#.. #.#
#..........# #.#
..#
#.........###.#
..####.
##.#...#....>..##
.......
........)...##...#
..#####
##.#...#.(.###.##.
# .##
##.##(..###.## ..#


You could see 2 gnolls.

Vanquished Creatures
  Sigmund (D:2)
  3 adders
  A gnoll (D:2)
  An ooze (D:1)
  A worm (D:2)
  A dart slug (D:2)
  4 leopard geckos
  A ball python (D:1)
  3 bats
  2 giant cockroaches
  5 goblins
  7 hobgoblins (D:1)
  3 kobolds
  2 frilled lizards
  5 rats
40 creatures vanquished.

Notes
Turn   | Place    | Note
-------+----------+-------------------------------------------
     0 | D:1      | Reeggar the Demonspawn Monk began the quest for the Orb.
     0 | D:1      | Reached XP level 1. HP: 18/18 MP: 1/1
   177 | D:1      | Gained mutation: When hurt, damage is shared between your health and your magic reserves. [demonic ancestry]
   177 | D:1      | Reached XP level 2. HP: 13/24 MP: 2/2
  1024 | D:1      | Gained mutation: You are partially covered in yellow scales. (AC +2) [demonic ancestry]
  1024 | D:1      | Reached XP level 3. HP: 22/29 MP: 3/3
  1695 | D:2      | Noticed Sigmund
  1715 | D:2      | Killed Sigmund
  1715 | D:2      | Reached XP level 4. HP: 18/37 MP: 1/4
  1715 | D:2      | Reached XP level 5. HP: 21/42 MP: 1/5
  2158 | D:2      | Slain by a gnoll

Skill      XL: |  1  2  3 |
---------------+----------+-----
Dodging        | 3 |  3.7
Long Blades    | 3 4 |  4.2
Stealth        | 2 |  2.5
Fighting       | 4 |  4.2

Action                   |  1- 3 |  4- 6 || total
-------------------------+-------+-------++-------
Melee: Falchion          |    86 |    48 ||   134
  Use: Scroll            |     3 |       ||     3
       Potion            |     1 |       ||     1
 Stab: Sleeping          |     2 |       ||     2
  Eat: Chunk             |     1 |     2 ||     3
Armor: Robe              |    12 |    13 ||    25
Dodge: Dodged            |    65 |    46 ||   111
       Rpst.: Falchion   |    24 |    11 ||    35
